 Dungeon Crawl Stone Soup version 0.20-a0-1017-gc3250ce (webtiles) character file.

53 Magifyre the Shield-Bearer (level 4, 0/37 HPs)
             Began as a Formicid Fighter on Apr 16, 2017.
             Slain by a gnoll
             ... wielding a +0 halberd
              (6 damage)
             ... on level 1 of the Dungeon.
             The game lasted 00:02:10 (870 turns).

Magifyre the Shield-Bearer (Formicid Fighter)        Turns: 870, Time: 00:02:11

Health: 0/37       AC:  7    Str: 20    XL:     4   Next: 10%
Magic:  4/4        EV:  8    Int:  8    God:
Gold:   14         SH:  9    Dex: 11    Spells: 3/3 levels left

rFire    . . .     SeeInvis +   a - +0 war axe
rCold    . . .     Gourm    .   c - +0 shield
rNeg     . . .     Faith    .   b - +0 scale mail
rPois    .         Spirit   .   (helmet unavailable)
rElec    .         Reflect  .   (no cloak)
rCorr    .         Harm     .   (no gloves)
MR       .....                  (no boots)
Stlth    ..........             i - amulet of magic regeneration (curse)
Regen    0.2/turn               (no ring)
MPRegen  0.2/turn               (no ring)

@: no status effects
A: permanent stasis, dig shafts and tunnels, four strong arms, antennae 3
a: Dig, Shaft Self


You were on level 1 of the Dungeon.
You were not hungry.

You visited 1 branch of the dungeon, and saw 2 of its levels.

You collected 14 gold pieces.

Inventory:

Hand Weapons
 a - a +0 war axe (weapon)
Armour
 b - a +0 scale mail (worn)
 c - a +0 shield (worn)
Jewellery
 i - a cursed amulet of magic regeneration (around neck)
Scrolls
 j - a scroll of random uselessness {unknown}
 k - a scroll of magic mapping {unknown}
 n - a scroll of enchant armour {unknown}
 o - a scroll of identify {unknown}
Potions
 d - a potion of might
 e - a potion of haste {unknown}
 h - a potion of brilliance {unknown}
 l - a potion of berserk rage {unknown}
 m - a potion of flight {unknown}
Comestibles
 f - a bread ration


   Skills:
 + Level 4.0 Fighting
 + Level 2.6 Axes
 + Level 3.7 Armour
 + Level 4.1 Shields


You had 3 spell levels left.
You didn't know any spells.

Dungeon Overview and Level Annotations

Branches:
Dungeon (2/15)

Altars:


Innate Abilities, Weirdness & Mutations

You cannot be hasted, slowed, berserked, paralysed or teleported.
You can dig through walls and to a lower floor.
Your four strong arms can wield two-handed weapons with a shield.
You have a pair of large antennae on your head. (SInv)


Message History

You slash the gnoll!
You kill the gnoll!
Your Shields skill increases to level 4!
You slash the gnoll!
You kill the gnoll!
Your Fighting skill increases to level 4!
You have reached level 4!
You feel clever.
You slash the gnoll! The gnoll hits you but does no damage.
The gnoll hits you with a halberd.
* * * LOW HITPOINT WARNING * * *
You climb upwards.
There is a stone staircase leading down here.
You barely miss the gnoll.
The gnoll is almost dead.
You block the gnoll's attack.
You closely miss the gnoll.
The gnoll is almost dead.
The gnoll hits you with a halberd.
You die...

#.........# #.#######.#
#......##.# #..###.##.#
##### #..# #.##.#
....######### #..# #.##.#
............# #..# #.##.#
............####.g# #.##.#
............+...@.# #.##.#
............#####.###.##.#
รท......................#.#
####..>......####.######.#
# ###'#####.# #........#
######.#####.####.########
#..............##.##
..####.#######.##..#####
..#....................#
###


You could see a gnoll.

Vanquished Creatures
  3 gnolls (D:2)
  An ooze (D:1)
  A dart slug (D:1)
  A bat (D:1)
  2 goblins (D:1)
  3 hobgoblins (D:1)
  A quokka (D:2)
  3 frilled lizards
  A kobold (D:1)
  4 rats (D:1)
20 creatures vanquished.

Notes
Turn   | Place    | Note
-------+----------+-------------------------------------------
     0 | D:1      | Magifyre the Formicid Fighter began the quest for the Orb.
     0 | D:1      | Reached XP level 1. HP: 18/18 MP: 1/1
   138 | D:1      | Reached XP level 2. HP: 16/24 MP: 2/2
   543 | D:1      | Reached XP level 3. HP: 26/30 MP: 3/3
   866 | D:2      | Reached XP level 4. HP: 9/37 MP: 4/4
   870 | D:1      | Slain by a gnoll

Vault maps used:
D:1:      scummos_arrival_checkerplants, minmay_misc_feat_diagonals
D:2:      wad_woods_stonehenge, nemelex_altar_shiori, yredelemnul_altar_generic,
          uniq_jessica, uniq_terence

Skill      XL: |  1  2  3 |
---------------+----------+-----
Shields        | 4 |  4.1
Fighting       | 4 |  4.0
Axes           | |  2.6
Armour         | |  3.7

Action                   |  1- 3 |  4- 6 || total
-------------------------+-------+-------++-------
Melee: War axe           |    54 |     2 ||    56
Armor: Scale mail        |    20 |     1 ||    21
Dodge: Dodged            |    20 |       ||    20
Block: Shield            |    35 |     1 ||    36
